 Dungeon Crawl Stone Soup version 0.29-a0-321-gf1c400731a (webtiles) character file.

Game seed: 119012798956413996

261 Dabor the Sneak (level 6, -5/39 HPs)
             Began as an Octopode Transmuter on Apr 3, 2022.
             Killed from afar by Natasha (13 damage)
             ... with a puff of flame
             ... on level 3 of the Dungeon.
             The game lasted 00:07:41 (3270 turns).

Dabor the Sneak (Octopode Transmuter)               Turns: 3270, Time: 00:07:41

Health: -5/39      AC:  8    Str: 10    XL:     6   Next: 18%
Magic:  8/9        EV: 13    Int: 17    God:
Gold:   177        SH:  0    Dex: 12    Spells: 4/10 levels left

rFire   x . .      SeeInvis .   n - +3 scythe (protect)
rCold   + . .      Faith    .   (shield currently unavailable)
rNeg    . . .      Spirit   .   (helmet currently unavailable)
rPois   .          Reflect  .   (no amulet)
rElec   .          Harm     .   b - ring of ice
rCorr   .          Rampage  .   (no ring)
Will    .....                   (no ring)
Stlth   ++++......              (no ring)
HPRegen 0.13/turn               (no ring)
MPRegen 0.11/turn               (no ring)
                                (no ring)
                                (no ring)

@: appendages, under a protective aura
A: tentacle spike 3, almost no armour, amphibious, 8 rings, camouflage 1,
gelatinous body 1, (nimble swimmer 1), tentacles
a: End Transformation


You were on level 3 of the Dungeon.
One of your tentacles had grown a beastly spike.
You visited 1 branch of the dungeon, and saw 3 of its levels.

You collected 177 gold pieces.

Inventory:

Hand Weapons
 m - a +1 dagger of venom
 n - a +3 scythe of protection (weapon)
Missiles
 h - 11 poisoned darts
Jewellery
 b - a ring of ice (left tentacle)
Scrolls
 a - 2 scrolls of identify
 c - a scroll of magic mapping {unknown}
 e - a scroll of amnesia
 f - a scroll of teleportation {unknown}
Potions
 d - a potion of mutation {unknown}
 g - a potion of berserk rage
 i - a potion of magic {unknown}
 j - a potion of curing {unknown}
 k - a potion of haste {unknown}
 l - a potion of invisibility {unknown}


   Skills:
 + Level 2.1 Fighting
 + Level 2.5 Dodging
 + Level 5.3 Stealth
 + Level 3.4 Unarmed Combat
 + Level 2.5 Spellcasting
 + Level 2.6 Transmutations
 + Level 2.0 Poison Magic


You had 4 spell levels left.
You knew the following spells:

 Your Spells              Type           Power      Damage    Failure   Level
a - Beastly Appendage     Tmut           22%        N/A       6%          1
b - Wereblood             Tmut           11%        N/A       10%         2
c - Spider Form           Tmut/Pois      10%        N/A       21%         3

Your spell library contained the following spells:

 Spells                   Type           Power      Damage    Failure   Level
 Ice Form                 Ice/Tmut       10%        N/A       71%         4


Dungeon Overview and Level Annotations

Branches:
Dungeon (3/15)

Altars:
Elyvilon

Shops:
D:1 =

Annotations:
D:3 Natasha


Innate Abilities, Weirdness & Mutations

One of your tentacles has grown a beastly spike.
You cannot wear most types of armour.
You are amphibious.
You can wear up to eight rings at the same time.
Your skin changes colour to match your surroundings (Stealth+).
Your rubbery body absorbs attacks. (AC +1, EV +1)
((You are camouflaged when in or above water. (Stealth+)))
You have tentacles for arms and can constrict up to eight enemies at once.


Message History

You closely miss the kobold. Your grab misses the kobold.
You feel sick. The kobold hits you with a +0 dagger.
The kobold barely misses you.
You hit the kobold.
Your weapon exudes an aura of protection.
Your grab misses the kobold.
The kobold is moderately wounded.
You feel sick. The kobold hits you with a +0 dagger.
The kobold closely misses you.
You slash the kobold!
You kill the kobold!
You feel sick.
You are no longer poisoned.
h - 13 poisoned darts (gained 3)
You see here a +0 dagger.
You start resting.
Natasha, Servant of Life and Death comes into view.
She is carrying a wand of flame (9).
Natasha is nearby!
Throw: 13 darts (poison)
Press: ? - help, Shift-Dir - straight line, f - Natasha
Aim: Natasha, carrying a wand of flame (9) (wandering, hasn't noticed you, 50% to hit)
You throw a poisoned dart. The poisoned dart hits Natasha.
Throw: 12 darts (poison)
Press: ? - help, Shift-Dir - straight line, f/p - Natasha
Aim: Natasha, carrying a wand of flame (9) (50% to hit)
You throw a poisoned dart. The poisoned dart hits Natasha.
Natasha zaps a wand.
The puff of flame hits you. The fire burns you terribly!
Casting: Wereblood (safe; 10% risk of failure)
Confirm with . or Enter, or press ? or * to list all spells.
One of your tentacles grows a vicious spike.
You completely miss Natasha. Your grab misses Natasha.
Your tentacle spike misses Natasha.
Natasha stares at you and mumbles some strange words.
The magic dart hits you! Natasha claws you.
* * * LOW HITPOINT WARNING * * *
You slash Natasha!
Your weapon exudes an aura of protection.
Your grab misses Natasha.
Natasha is heavily wounded.
Natasha zaps a wand.
The puff of flame hits you! The fire burns you terribly!
You die...

..)........#
...#######.# ...# #.#
#### #.#
..########.#######
#.................
#..######....#####
#..######..#.#######(#
....#..........)@h.(.#
.##.#####.############
.##..# #.# ...#.# #.#
...#.## #.# ...#..#
#.# .####.###.# .#
#..##.# .# ##.# .#


You could see Natasha.

Vanquished Creatures
  Sigmund (D:2)
  Natasha (D:3)
  2 adders (D:2)
  A worm (D:3)
  A dart slug (D:2)
  2 bats
  7 endoplasms
  9 goblins
  4 hobgoblins
  3 jackals (D:3)
  8 kobolds
  A quokka (D:2)
  3 ball pythons
  3 frilled lizards (D:2)
  6 rats
52 creatures vanquished.

Notes
Turn   | Place    | Note
-------+----------+-------------------------------------------
     0 | D:1      | Dabor the Octopode Transmuter began the quest for the Orb.
     0 | D:1      | Reached XP level 1. HP: 13/13 MP: 3/3
   103 | D:1      | Found a faded altar of an unknown god.
   174 | D:1      | Reached XP level 2. HP: 6/18 MP: 3/5
   177 | D:1      | Learned a level 2 spell: Wereblood
   917 | D:1      | Found Zowoafiv's Jewellery Boutique.
  1254 | D:2      | Found a white marble altar of Elyvilon.
  1285 | D:2      | Reached skill level 1 in Poison Magic
  1285 | D:2      | Reached XP level 3. HP: 23/23 MP: 4/6
  1304 | D:2      | Noticed Sigmund
  1528 | D:2      | Learned a level 3 spell: Spider Form
  1574 | D:2      | Reached skill level 1 in Stealth
  2250 | D:2      | Killed Sigmund
  2251 | D:2      | Reached skill level 5 in Stealth
  2251 | D:2      | Reached XP level 4. HP: 25/29 MP: 7/7
  2251 | D:2      | Reached XP level 5. HP: 29/34 MP: 8/8
  2896 | D:3      | Reached XP level 6. HP: 37/39 MP: 9/9
  2954 | D:3      | Noticed Natasha
  2963 | D:3      | Killed Natasha
  3265 | D:3      | Noticed Natasha
  3270 | D:3      | Killed from afar by Natasha

Illustrated notes

Levels and vault maps discovered:
D:1:      evilmike_arrival_crescent, layout_basic, serial_shops,
          nicolae_shop_stone, dreamdust_ecumenical_altar_grove, hex_tiny
D:2:      layout_loops_ring, basic_altar, uniq_sigmund
D:3:      layout_basic, pdpol_wu_jian_five_deadly_venoms, item_on_display_b,
          uniq_natasha

Skill      XL: |  1  2  3  4  5  6 |
---------------+-------------------+-----
Poison Magic   | 1 2 |  2.0
Stealth        | 5 |  5.3
Fighting       | 2 |  2.1
Dodging        | |  2.5
Unarmed Combat | |  3.4
Spellcasting   | |  2.5
Transmutations | |  2.6

Action                   |  1- 3 |  4- 6 || total
-------------------------+-------+-------++-------
Melee: Unarmed           |    37 |       ||    37
       Constrict         |    16 |     7 ||    23
       Kick              |    12 |     2 ||    14
       Tentacles         |    12 |     2 ||    14
       Dagger            |    28 |       ||    28
       Scythe            |       |    41 ||    41
       Punch             |       |     1 ||     1
Throw: Dart              |       |     3 ||     3
 Cast: Beastly Appendage |    13 |     2 ||    15
       Wereblood         |       |     1 ||     1
  Use: Potion            |     3 |       ||     3
       Scroll            |     2 |       ||     2
 Stab: Sleeping          |     5 |     7 ||    12
Armor: Skin              |    10 |     7 ||    17
Dodge: Dodged            |    28 |    24 ||    52

Table legend: (Time is in decaauts)
 A = Elapsed time spent in this place.
 B = Non-inter-level travel time spent in this place.
 C = Inter-level travel time spent in this place.
 D = Time resting spent in this place.
 E = Time spent auto-exploring this place.
 F = Levels seen in this place.
 G = Mean time per level.
                   A        B        C        D        E       F      G
               +--------+--------+--------+--------+--------+-----+--------+
         Total |   3330 |   3223 |    107 |    919 |   1610 |   3 | 1110.0 |
       Dungeon |   3330 |   3223 |    107 |    919 |   1610 |   3 | 1110.0 |
               +--------+--------+--------+--------+--------+-----+--------+

Top non-repeatable levels by time:
     D:2: 1712 daAuts
     D:1: 1133 daAuts
     D:3: 483 daAuts
